 Dungeon Crawl Stone Soup version 0.25.1-2-g60ff931df9 (webtiles) character file.

Game seed: 5227933655021106336

2522 Delamore the Basher (level 9, -2/51 HPs)
             Began as a Gargoyle Fighter on Aug 17, 2020.
             Was a Believer of Okawaru.
             Slain by Gastronok (23 damage)
             ... on level 8 of the Dungeon.
             The game lasted 00:08:31 (8056 turns).

Delamore the Basher (Gargoyle Fighter)              Turns: 8056, Time: 00:08:31

Health: -2/51      AC: 19    Str: 23    XL:     9   Next: 54%
Magic:  9/9        EV:  8    Int:  9    God:    Okawaru [**....]
Gold:   585        SH:  4    Dex:  9    Spells: 8/8 levels left

rFire    . . .     SeeInvis .   A - +1 flail (holy)
rCold    . . .     Gourm    .   b - +0 buckler
rNeg     + . .     Faith    .   t - +0 chain mail
rPois    ∞         Spirit   .   q - +0 helmet
rElec    +         Reflect  .   G - +0 cloak
rCorr    .         Harm     .   l - +0 pair of gloves
MR       .....                  (no boots)
Stlth    ..........             (no amulet)
HPRegen  0.17/turn              (no ring)
MPRegen  0.11/turn              (no ring)

@: no status effects
A: negative energy resistance 1, electricity resistance, unbreathing,
petrification resistance, rot immunity, AC +6
a: Heroism, Renounce Religion


You were on level 8 of the Dungeon.
You worshipped Okawaru.
Okawaru was pleased with you.
You were hungry.

You visited 2 branches of the dungeon, and saw 9 of its levels.
You also visited: Sewer.

You collected 585 gold pieces.

Inventory:

Hand Weapons
 a - a +0 flail
 A - a +1 flail of holy wrath (weapon)
Missiles
 u - 10 poisoned darts (quivered)
Armour
 b - a +0 buckler (worn)
 c - a +0 kite shield
 l - a +0 pair of gloves (worn)
 q - a +0 helmet (worn)
 t - a +0 chain mail (worn)
 G - a +0 cloak (worn)
 J - a +0 plate armour
Wands
 v - a wand of flame (16)
 x - a wand of iceblast (12)
 y - a wand of acid (18)
 B - a wand of digging (7)
 C - a wand of paralysis (8)
Scrolls
 i - 3 scrolls of enchant armour
 j - 4 scrolls of remove curse
 p - a scroll of blinking
 r - 7 scrolls of teleportation
 s - a scroll of amnesia {unknown}
 D - 2 scrolls of identify
 E - 2 scrolls of fog {unknown}
 H - a scroll of magic mapping {unknown}
Potions
 d - 2 potions of might
 e - 4 potions of flight
 g - a potion of mutation
 h - a potion of invisibility {unknown}
 k - 3 potions of lignification
 m - 2 potions of heal wounds
 n - 3 potions of brilliance {unknown}
 o - 5 potions of curing
 w - 4 potions of haste
 z - a potion of cancellation {unknown}
 F - 2 potions of degeneration {unknown}
Comestibles
 f - 8 rations


   Skills:
 - Level 3.2 Fighting
 + Level 12.3 Maces & Flails
 - Level 3.2 Armour
 - Level 4.0 Shields


You had 8 spell levels left.
You didn't know any spells.
Your spell library contained the following spells:

 Spells                   Type           Power        Failure   Level  Hunger
 Magic Dart               Conj           #...         97%         1    ##.....
 Blink                    Tloc           N/A          99%         2    ###....
 Call Imp                 Summ           #.......     99%         2    ###....
 Slow                     Hex            #.......     99%         2    ###....
 Conjure Flame            Conj/Fire      #.......     100%        3    ####...
 Mephitic Cloud           Conj/Pois/Air  #.......     100%        3    ####...


Dungeon Overview and Level Annotations

Branches:
Dungeon (8/15)             Temple (1/1) D:4           Sewer (visited)
   Lair: D:8-11

Altars:
Ashenzari
Cheibriados
Dithmenos
Elyvilon
Fedhas
Gozag
Hepliaklqana
Makhleb
Nemelex Xobeh
Okawaru
Ru
Sif Muna
Trog
Uskayaw
Vehumet
Wu Jian
Xom
Yredelemnul
Zin
The Shining One

Annotations:
D:3 3 runed translucent doors, NarcSill's ghost, amateur DrWz
D:8 Gastronok


Innate Abilities, Weirdness & Mutations

You are resistant to torment.
Your stone body is resilient. (AC +6)
You are immune to poison.
You resist negative energy. (rN+)
You are resistant to electric shocks. (rElec)
You can survive without breathing.
You are immune to petrification.
You are immune to rotting.


Message History

Gastronok is moderately wounded.
You sock Gastronok!
Gastronok is heavily wounded.
Gastronok bites you.
You hit Gastronok.
Gastronok is heavily wounded.
You sock Gastronok!
Gastronok is heavily wounded.
You bludgeon Gastronok!!
Gastronok is severely wounded.
Gastronok bites you!
You sock Gastronok!
Gastronok is severely wounded.
You hit Gastronok but do no damage.
Gastronok is severely wounded.
You hit Gastronok.
Gastronok is severely wounded.
Gastronok sloshes about.
Gastronok bites you!!
You die...

..#####.##
..#####.#
.......<#######
............... .
.######.#######
..## #.# .... #.#
#.##..####### #.#
#.(...w@....####.#
.(....#####......#
##### ########


You could see Gastronok (very poisoned).

Vanquished Creatures
  2 hippogriffs (D:8)
  An orc warrior (D:7)
  3 necrophages (D:7)
  2 phantoms
  An ogre (D:7)
  3 centaurs
  A bullfrog (D:8)
  A gnoll sergeant (D:6)
  3 scorpions (D:6)
  3 crimson imps
  A bullfrog zombie (D:7)
  A centaur zombie (D:7)
  A centaur skeleton (D:4)
  2 hounds
  3 orc wizards
  A gnoll shaman (D:6)
  5 iguanas
  Jessica (D:2)
  A bullfrog skeleton (D:6)
  Natasha (twice) (D:2)
  4 worker ants
  2 hound zombies (D:7)
  Robin (D:2)
  8 gnolls
  3 adders
  A howler monkey skeleton (D:8)
  A shadow imp (D:6)
  6 oozes
  7 worms
  2 dart slugs (D:2)
  7 leopard geckos
  8 orcs
  3 ball pythons
  12 bats
  16 giant cockroaches
  11 goblins (D:2)
  7 hobgoblins
  12 jackals
  2 frilled lizards
  9 kobolds
  A leopard gecko skeleton (D:5)
  2 quokka skeletons
  4 rats
  A bush (D:7)
168 creatures vanquished.

Vanquished Creatures (others)
  2 jackals (D:2)
  2 plants (D:7)
4 creatures vanquished.

Grand Total: 172 creatures vanquished

Notes
Turn   | Place    | Note
-------+----------+-------------------------------------------
     0 | D:1      | Delamore the Gargoyle Fighter began the quest for the Orb.
     0 | D:1      | Reached XP level 1. HP: 14/14 MP: 1/1
    74 | D:1      | Reached XP level 2. HP: 7/19 MP: 2/2
   375 | D:1      | Reached skill level 3 in Maces & Flails
   785 | D:1      | Reached XP level 3. HP: 21/23 MP: 3/3
   888 | D:2      | Found a white marble altar of Elyvilon.
   910 | D:2      | Noticed Jessica
   926 | D:2      | Killed Jessica
   926 | D:2      | Reached skill level 4 in Maces & Flails
  1003 | D:2      | Reached XP level 4. HP: 28/28 MP: 4/4
  1072 | D:2      | Found an opulent altar of Gozag.
  1406 | D:2      | Noticed Robin
  1459 | D:2      | Killed Robin
  1670 | D:2      | Noticed Natasha
  1675 | D:2      | Killed Natasha
  1675 | D:2      | Reached skill level 5 in Maces & Flails
  1675 | D:2      | Reached XP level 5. HP: 32/32 MP: 5/5
  1997 | D:2      | Noticed Natasha
  2003 | D:2      | Killed Natasha
  2246 | D:3      | Found a runed translucent gate.
  2246 | D:3      | Found a runed translucent gate.
  2246 | D:3      | Found a runed translucent gate.
  2247 | D:3      | Noticed NarcSill's ghost (amateur DrWz)
  2364 | D:3      | You fall into a shaft and drop 1 floor!
  2510 | D:4      | Noticed a phantom
  2537 | D:4      | Killed a phantom
  2537 | D:4      | Reached skill level 6 in Maces & Flails
  2537 | D:4      | Reached XP level 6. HP: 32/37 MP: 6/6
  2806 | D:4      | Found a staircase to the Ecumenical Temple.
  3052 | D:5      | Entered Level 5 of the Dungeon
  3527 | Temple   | Entered the Ecumenical Temple
  3628 | Temple   | Became a worshipper of Warmaster Okawaru
  3769 | D:5      | Found a shattered altar of Ashenzari.
  4056 | D:6      | Reached skill level 7 in Maces & Flails
  4211 | D:6      | Reached XP level 7. HP: 28/41 MP: 7/7
  4336 | D:6      | Found a shattered altar of Ashenzari.
  4405 | D:6      | Reached skill level 8 in Maces & Flails
  4723 | D:6      | Found a glowing drain.
  4732 | Sewer    | Entered a sewer
  5862 | D:6      | Reached skill level 9 in Maces & Flails
  5862 | D:6      | Reached XP level 8. HP: 46/46 MP: 8/8
  5905 | D:6      | Found a shadowy altar of Dithmenos.
  6250 | D:6      | Reached * piety under Okawaru
  6453 | D:7      | Reached skill level 10 in Maces & Flails
  6662 | D:7      | Found a shimmering blue altar of Sif Muna.
  7015 | D:7      | Reached skill level 11 in Maces & Flails
  7145 | D:6      | Reached XP level 9. HP: 51/51 MP: 9/9
  7393 | D:7      | Reached ** piety under Okawaru
  7423 | D:7      | Found a blossoming altar of Fedhas.
  7588 | D:8      | Reached skill level 12 in Maces & Flails
  7678 | D:8      | Noticed a two-headed ogre
  8021 | D:8      | Noticed Gastronok
  8056 | D:8      | Slain by Gastronok

Illustrated notes

Levels and vault maps discovered:
D:1:      ncdulo_wetmaze, layout_rooms, st_stairs_12
D:2:      layout_loops_corners, elyvilon_altar_4, grunt_gozag_breadcrumbs,
          uniq_natasha, uniq_jessica, uniq_robin
D:3:      layout_loops_cross, gammafunk_ghost_split, first_ration
D:4:      layout_basic, minmay_temple_entry_from_below_a
D:5:      layout_basic, lemuel_coloured_pillars_altar, grunt_decor_one_mirror
D:6:      layout_basic, grunt_dithmenos_smoke, cheibrodos_sewer_entry_bend,
          cheibrodos_ashenzari_chains
D:7:      layout_rooms, fedhas_altar_decomposition,
          nicolae_overflow_crystal_walls
D:8:      layout_loops_ring, serial_shops, nicolae_shop_waterfront, shop,
          nicolae_shop_behind_doors, kennysheep_mini, uniq_maggie,
          uniq_gastronok
Temple:   regret_index_temple_waves

Skill      XL: |  1  2  3  4  5  6  7  8  9 |
---------------+----------------------------+-----
Maces & Flails | 3 4 5 6 7 9 11 12 | 12.3
Shields        | 4 |  4.0
Fighting       | |  3.2
Armour         | |  3.2

Action                   |  1- 3 |  4- 6 |  7- 9 || total
-------------------------+-------+-------+-------++-------
Melee: Flail             |   131 |   236 |   438 ||   805
Throw: Dart              |       |       |    10 ||    10
Invok: Heroism           |       |       |     2 ||     2
  Use: Scroll            |       |     5 |     4 ||     9
       Potion            |       |       |     2 ||     2
  Eat: Chunk             |     1 |    10 |    13 ||    24
Armor: Scale mail        |    93 |     8 |       ||   101
       Chain mail        |       |   148 |   276 ||   424
Dodge: Dodged            |    60 |    54 |   116 ||   230
Block: Kite shield       |    93 |   104 |   171 ||   368
       Buckler           |       |       |    18 ||    18
